 Dungeon Crawl Stone Soup version 0.30.1 (webtiles) character file.

Game seed: 11164615767799419370

18386 GeoRichter the Skirmisher (level 12, -6/63 HPs)
             Began as a Spriggan Hexslinger on July 8, 2023.
             Was a High Priest of Okawaru.
             Mangled by a sixfirhy (12 damage)
             ... summoned by an orc high priest
             ... on level 2 of the Orcish Mines.
             The game lasted 00:33:14 (14424 turns).

GeoRichter the Skirmisher (Spriggan Hexslinger)    Turns: 14424, Time: 00:33:15

Health: -6/63      AC: 11    Str:  6    XL:     12   Next: 27%
Magic:  8/20       EV: 19    Int: 19    God:    Okawaru [*****.]
Gold:   1446       SH:  0    Dex: 21    Spells: 16/21 levels left

rFire   x . .        B - +6 hand crossbow of Zolaompeakk {freeze, rF- Int+5}
rCold   . . .        (no shield)
rNeg    . . .        C - +0 steam dragon scales
rPois   +            c - +2 hat
rElec   .            (no cloak)
rCorr   .            (gloves unavailable)
SInv    +            (boots unavailable)
Will    ++...        f - amulet of regeneration
Stlth   ++++         h - +4 ring of protection
HPRegen 1.10/turn    i - ring of poison resistance
MPRegen 0.17/turn

%: no passive effects
@: very quick
A: very small, no large weapons, unfitting armour, see invisible, speed 3
a: Renounce Religion, Heroism, Finesse, Duel


You were on level 2 of the Orcish Mines.
You worshipped Okawaru.
Okawaru was extremely pleased with you.
You visited 3 branches of the dungeon, and saw 14 of its levels.
You also visited: Bailey.

You collected 1446 gold pieces.

Inventory:

Hand Weapons
 a - a +0 heavy arbalest
   (You took it off an orc warrior on level 11 of the Dungeon)
 p - a +0 arbalest
   (You took it off an orc warrior on level 11 of the Dungeon)
 B - the +6 hand crossbow of Zolaompeakk (weapon) {freeze, rF- Int+5}
   (Okawaru gifted it to you on level 2 of the Orcish Mines)

   Int:       It affects your intelligence (+5).
   rF:        It makes you vulnerable to fire.
Missiles
 E - a throwing net {!f}
Armour
 b - a +2 robe of willpower
   (You took it off Sigmund on level 3 of the Dungeon)
 c - a +2 hat (worn)
   (You found it on level 5 of the Dungeon)
 w - an orb of mayhem
   (You found it on level 10 of the Dungeon)
 C - +0 steam dragon scales (worn)
   (You found it on level 10 of the Dungeon)
 F - +0 acid dragon scales
   (You found it on level 10 of the Dungeon)
Jewellery
 f - an amulet of regeneration (around neck)
   (You found it on level 1 of the Dungeon)
 h - a +4 ring of protection (left hand)
   (You found it on level 1 of the Dungeon)
 i - a ring of poison resistance (right hand)
   (You found it on level 5 of the Dungeon)
 j - an amulet of guardian spirit
   (You found it on level 2 of the Dungeon)
Wands
 v - a wand of flame (10)
   (You took it off an orc on level 4 of the Dungeon)
 G - a wand of polymorph (7)
   (You found it on level 10 of the Dungeon)
 H - a wand of roots (2)
   (You found it on level 10 of the Dungeon)
Scrolls
 d - 3 scrolls of noise {!r}
 k - 2 scrolls of fear
 l - a scroll of amnesia
 m - 3 scrolls of vulnerability {!r}
 q - 2 scrolls of enchant armour
 t - a scroll of fog
 y - 3 scrolls of magic mapping
 I - a scroll of immolation {!r}
Potions
 e - 2 potions of degeneration {unknown}
 g - 3 potions of flight
 n - 2 potions of brilliance {unknown}
 o - 2 potions of attraction {unknown}
 r - a potion of invisibility {unknown}
 s - 6 potions of curing {@q1}
 u - 2 potions of cancellation {unknown}
 x - 2 potions of lignification {unknown}
 z - a potion of might {unknown}
 A - a potion of mutation {unknown}
 D - 3 potions of heal wounds {unknown}


   Skills:
 * Level 7.1 Fighting
 + Level 12.9 Ranged Weapons
 + Level 3.8 Dodging
 - Level 6.8 Stealth
 - Level 5.0 Spellcasting
 - Level 3.6 Hexes
 - Level 10.0 Poison Magic
 + Level 3.9 Invocations
 - Level 6.8 Evocations


You had 16 spell levels left.
You knew the following spells:

 Your Spells              Type           Power      Damage    Failure   Level
a - Slow                  Hex            72%        N/A       2%          1
b - Olgreb's Toxic Radia  Pois           42%        N/A       1%          4

Your spell library contained the following spells:

 Spells                   Type           Power      Damage    Failure   Level
 Poisonous Vapours        Pois/Air       46%        N/A       2%          2
 Cigotuvi's Dreadful Rot  Necr/Pois/Air  34%        N/A       4%          2
 Mephitic Cloud           Conj/Pois/Air  17%        N/A       10%         3
 Magic Dart               Conj           16%        1d3       12%         1
 Necrotise                Necr           16%        1d4       12%         1
 Searing Ray              Conj           8%         2d4       19%         2
 Inner Flame              Hex/Fire       11%        N/A       19%         3
 Portal Projectile        Hex/Tloc       22%        N/A       19%         3
 Cause Fear               Hex            9%         N/A       28%         4
 Vampiric Draining        Necr           4%         2d6       36%         3
 Fulminant Prism          Conj/Hex       5%         3d6       52%         4
 Agony                    Necr           4%         N/A       98%         5
 Freezing Cloud           Conj/Ice/Air   2%         6-21      98%         5
 Ozocubu's Refrigeration  Ice            2%         4d7       100%        7
 Polar Vortex             Ice            2%         N/A       100%        9
 Summon Small Mammal      Summ           Unusable   N/A       N/A         1
 Call Imp                 Summ           Unusable   N/A       N/A         2
 Simulacrum               Ice/Necr       Unusable   N/A       N/A         6
 Summon Horrible Things   Summ           Unusable   N/A       N/A         8

Dungeon Overview and Level Annotations

Branches:
Dungeon (11/15) Zot: 25630  Temple (1/1) D:7 Zot: 5842    Lair (0/5) D:11
    Orc (2/2) D:11 Zot: 10516     Elf (0/3) Orc:2        Bailey (visited)

Altars:
Ashenzari
Cheibriados
Dithmenos
Elyvilon
Fedhas
Gozag
Hepliaklqana
Kikubaaqudgha
Makhleb
Nemelex Xobeh
Okawaru
Qazlal
Ru
Sif Muna
Trog
Uskayaw
Vehumet
Wu Jian
Xom
Yredelemnul
Zin
The Shining One

Shops:
Orc:2 *=


Innate Abilities, Weirdness & Mutations

You are very small and have problems with some larger weapons.
You are too small for most types of armour.
You have supernaturally acute eyesight. (SInv)
You cover ground extremely quickly. (Speed+++)


Message History

Okawaru accepts your kill.
An orc comes into view. It is wielding a +0 hand axe.
Fire: B) +6 hand crossbow of Zolaompeakk {freeze, rF- Int+5}
Press: ? - help, Q - select action, (/) - cycle Shift-Dir - straight line, f - orc
Aim: an orc, wielding a +0 hand axe (75% to hit)
You shoot a bolt. The bolt hits the orc.
The bolt freezes the orc.
You kill the orc!
An orc high priest comes into view. It is wielding a +0 long sword.
Casting: Olgreb's Toxic Radiance (dangerous; 1% risk of failure)
Confirm with . or Enter, or press ? or * to list all spells.
Your toxic radiance grows in intensity.
The orc high priest is poisoned.
The warg howls!
The orc high priest looks even sicker.
You hear a shout! x4
An orc warrior comes into view.
It is wielding a +0 long sword of electrocution.
Fire: B) +6 hand crossbow of Zolaompeakk {freeze, rF- Int+5}
Press: ? - help, Q - select action, (/) - cycle Shift-Dir - straight line, f - orc high priest
Aim: an orc high priest, wielding a +0 long sword (lightly wounded, very poisoned, 70% to hit)
You shoot a bolt.
The bolt closely misses the orc high priest.
The orc high priest looks even sicker.
The orc warrior is poisoned.
Fire: B) +6 hand crossbow of Zolaompeakk {freeze, rF- Int+5}
Press: ? - help, Q - select action, (/) - cycle Shift-Dir - straight line, f/p - orc high priest
Aim: an orc high priest, wielding a +0 long sword (lightly wounded, very poisoned, 70% to hit)
You shoot a bolt.
The bolt barely misses the orc high priest.
The orc warrior looks even sicker.
Your toxic aura wanes.
The orc high priest intones a terrible prayer.
Casting: Olgreb's Toxic Radiance (dangerous; 1% risk of failure)
Confirm with . or Enter, or press ? or * to list all spells.
You begin to radiate toxic energy.
The orc high priest looks even sicker.
The orc warrior looks even sicker. x2
The orc high priest utters an invocation to Beogh.
The sixfirhy is poisoned.
The orc high priest calls down the wrath of Beogh upon you.
Beogh smites you!
Your toxic aura wanes.
The sixfirhy closely misses you. The sixfirhy hits you!
The sixfirhy shocks you!
Unknown command.
The sixfirhy looks more healthy.
The sixfirhy hits you!
* * * LOW HITPOINT WARNING * * *
The sixfirhy shocks you!
* * * LOW HITPOINT WARNING * * *
The sixfirhy hits you!
* * * LOW HITPOINT WARNING * * *
The sixfirhy shocks you!
You die...

##..................#....#.#
###.....#.........)').)_#.#
##...........#...######.#
##......##...##........#
#........#h.###.########
###......#...# ###
###.#...#.###.###
###......#####..3.#####
....)....# ##.@..##.##
..###)#..# ##....#...#
.##..)##.# #.....#...##
.#.)...#.#####.....#....##
.#.....#.##.##...........#
)#.._..#...........)....##
.##...##....#.........#####
..#####..........#.....##.##
................####....#..##


You could see a sixfirhy (summoned) and a warg.

Vanquished Creatures
  Donald (Orc:2)
  Harold (D:9)
  A two-headed ogre (D:10)
  Amaemon (D:9)
  4 orc knights
  An orc sorcerer (Orc:2)
  An ugly thing (D:11)
  An orange demon (D:9)
  2 trolls
  A hornet (D:9)
  Sigmund (D:3)
  A vampire (D:11)
  13 yaks
  A shadow (D:10)
  A wyvern (D:11)
  2 steam dragons
  3 basilisks (D:11)
  A vampire mosquito (D:11)
  3 wargs
  2 acid dragons
  4 water moccasins
  An ice beast (D:6)
  30 orc warriors
  2 black bears (D:5)
  10 ogres
  A centaur (D:8)
  A phantom (D:5)
  5 kobold brigands
  A bullfrog (D:6)
  3 gnoll sergeants (D:11)
  3 scorpions
  22 wights
  A hound (D:6)
  16 orc priests
  Jessica (D:3)
  8 iguanas
  28 orc wizards
  9 gnolls
  6 adders
  A shadow imp (D:5)
  An ufetubus (D:5)
  A worm (D:2)
  3 dart slugs
  90 orcs
  6 ball pythons
  7 endoplasms
  A giant cockroach (D:4)
  7 goblins
  7 hobgoblins
  7 jackals
  15 kobolds
  4 quokkas
  A bat (D:1)
  5 frilled lizards
  5 rats
355 creatures vanquished.

Vanquished Creatures (collateral kills)
  A yak (D:10)
  A vampire (D:11)
2 creatures vanquished.

Grand Total: 357 creatures vanquished

Notes
Turn   | Place    | Note
-------+----------+-------------------------------------------
     0 | D:1      | GeoRichter the Spriggan Hexslinger began the quest for the
                  | Orb.
     0 | D:1      | Reached XP level 1. HP: 9/9 MP: 3/3
    93 | D:1      | Found a faded altar of an unknown god.
   192 | D:1      | Reached XP level 2. HP: 14/14 MP: 5/5
   214 | D:1      | Reached skill level 3 in Ranged Weapons
   890 | D:2      | Reached XP level 3. HP: 17/17 MP: 6/6
  1049 | D:2      | Reached skill level 4 in Ranged Weapons
  1145 | D:2      | Reached XP level 4. HP: 21/21 MP: 7/7
  1870 | D:3      | Noticed Jessica
  1873 | D:3      | Killed Jessica
  1874 | D:3      | Reached skill level 5 in Ranged Weapons
  1986 | D:3      | Reached XP level 5. HP: 24/25 MP: 8/8
  2005 | D:3      | Noticed Sigmund
  2221 | D:3      | Killed Sigmund
  2222 | D:3      | Reached skill level 6 in Ranged Weapons
  2222 | D:3      | Reached XP level 6. HP: 29/29 MP: 9/9
  2652 | D:4      | You fall into a shaft and drop 1 floor!
  2652 | D:5      | Entered Level 5 of the Dungeon
  3526 | D:5      | Found a shimmering altar of Xom.
  3807 | D:5      | Reached skill level 7 in Ranged Weapons
  3807 | D:5      | Reached XP level 7. HP: 21/32 MP: 10/10
  3892 | D:5      | Reached skill level 5 in Stealth
  3977 | D:5      | Found a basalt altar of Yredelemnul.
  3983 | D:5      | Found a radiant altar of Vehumet.
  4400 | D:5      | Reached skill level 8 in Ranged Weapons
  4554 | D:6      | Reached XP level 8. HP: 33/37 MP: 11/11
  4848 | D:6      | Reached skill level 9 in Ranged Weapons
  5017 | D:6      | Reached skill level 10 in Ranged Weapons
  5494 | D:7      | Reached skill level 1 in Evocations
  5516 | D:7      | Found a glowing silver altar of Zin.
  5519 | D:7      | Found a staircase to the Ecumenical Temple.
  5592 | Temple   | Entered the Ecumenical Temple
  5821 | Temple   | Became a worshipper of Warmaster Okawaru
  5970 | D:7      | Reached XP level 9. HP: 38/40 MP: 12/12
  6084 | D:7      | Reached skill level 11 in Ranged Weapons
  6193 | D:7      | Found a blossoming altar of Fedhas.
  6399 | D:7      | Reached skill level 1 in Fighting
  6464 | D:7      | Reached * piety under Okawaru
  6621 | D:7      | Found a sacrificial altar of Ru.
  6785 | D:8      | Reached skill level 5 in Evocations
  6842 | D:8      | Found a flagged portal.
  6849 | Bailey   | Entered a bailey
  7034 | Bailey   | Noticed an orc knight
  7034 | Bailey   | Noticed an orc knight
  7104 | Bailey   | Killed an orc knight
  7104 | Bailey   | Reached ** piety under Okawaru
  7105 | Bailey   | Reached skill level 12 in Ranged Weapons
  7225 | Bailey   | Killed an orc knight
  7226 | Bailey   | Reached XP level 10. HP: 49/49 MP: 13/13
  7300 | Bailey   | Reached *** piety under Okawaru
  7440 | Bailey   | Got the Verses on the Infected Band
  7513 | D:8      | Found a sparkling altar of Nemelex Xobeh.
  7513 | D:8      | Found a shimmering blue altar of Sif Muna.
  7839 | D:8      | Reached skill level 1 in Poison Magic
  8348 | D:9      | Noticed Harold
  8398 | D:9      | Killed Harold
  8398 | D:9      | Reached **** piety under Okawaru
  8409 | D:9      | Learned a level 4 spell: Olgreb's Toxic Radiance
  8500 | D:9      | Noticed Amaemon
  8505 | D:9      | Noticed an orange demon
  8650 | D:9      | Found a broken altar of Ashenzari.
  8710 | D:9      | Reached skill level 5 in Poison Magic
  8904 | D:9      | Killed an orange demon
  9038 | D:9      | Killed Amaemon
  9237 | D:10     | Entered Level 10 of the Dungeon
  9960 | D:10     | Reached ***** piety under Okawaru
  9961 | D:10     | Reached XP level 11. HP: 40/52 MP: 17/17
 10293 | D:10     | Noticed a two-headed ogre
 10319 | D:10     | Killed a two-headed ogre
 10319 | D:10     | Received a gift from Okawaru
 10740 | D:11     | Noticed a purple ugly thing
 10779 | D:11     | Killed a purple ugly thing
 11402 | D:11     | Reached skill level 10 in Poison Magic
 11424 | D:11     | Identified the +0 animal skin "Yblaafam" {Regen+ Str+4
                  | Stlth-} (Okawaru gifted it to you on level 11 of the
                  | Dungeon)
 11424 | D:11     | Received a gift from Okawaru
 11511 | D:11     | Found a staircase to the Lair.
 11771 | D:11     | Reached skill level 1 in Invocations
 12051 | D:11     | Found a staircase to the Orcish Mines.
 12529 | Orc:1    | Entered Level 1 of the Orcish Mines
 12535 | Orc:1    | Reached skill level 5 in Fighting
 12566 | Orc:1    | Noticed an orc knight
 12622 | Orc:1    | Killed an orc knight
 13008 | Orc:2    | Entered Level 2 of the Orcish Mines
 13320 | Orc:2    | Found a staircase to the Elven Halls.
 13404 | Orc:2    | Noticed Donald
 13438 | Orc:2    | Killed Donald
 13439 | Orc:2    | Reached XP level 12. HP: 62/62 MP: 1/20
 13678 | Orc:2    | Reached skill level 5 in Spellcasting
 13816 | Orc:2    | Found a burning altar of Makhleb.
 14002 | Orc:2    | Found Ucsas's Jewellery Shoppe.
 14054 | Orc:2    | Identified the +6 hand crossbow of Zolaompeakk {freeze, rF-
                  | Int+5} (Okawaru gifted it to you on level 2 of the Orcish
                  | Mines)
 14054 | Orc:2    | Received a gift from Okawaru
 14055 | Orc:2    | Reached ****** piety under Okawaru
 14124 | Orc:2    | Found Wimuko's General Store.
 14401 | Orc:2    | Noticed an orc high priest
 14424 | Orc:2    | Mangled by a sixfirhy

Illustrated notes

Levels and vault maps discovered:
D:1:      sevenhm_arrival_forest_fort_small_4, layout_basic,
          dreamdust_ecumenical_altar_grove, minmay_misc_feat_room,
          minmay_hedge_maze
D:2:      layout_basic
D:3:      layout_loops_ring, uniq_sigmund, uniq_jessica
D:4:      wander_river, layout_basic, grunt_decor_mini_mirrors
D:5:      layout_basic, amethyst_overflow_temple_binary, amcnicky_altar_gilded,
          nrook_loot_triangle
D:6:      layout_cave_pods
D:7:      layout_loops_cross, nicolae_ru_the_path_less_chosen, fedhas_altar_3,
          mainiacjoe_overflow_brackets, minmay_temple_entry_proselytizer,
          minmay_unpleasant_kobolds
D:8:      layout_loops_ring, grunt_temple_overflow_open, enter_bailey_2
D:9:      layout_rooms, ashenzari_conservatory_becter, serial_bayou_ford_a,
          roderic_serpentine_path, uniq_amaemon, uniq_harold
D:10:     layout_gridville, serial_rivers, chequers_serial_rivers_marsh,
          chequers_serial_rivers_marsh, chequers_serial_rivers_large_b,
          chequers_serial_rivers_micro_a, chequers_serial_rivers_small_b
D:11:     layout_stronghold, minmay_lair_entry_grove,
          kennysheep_orc_monster_closet_entryway
Temple:   nicolae_temple_figure_eight
Orc:1:    layout_caves, basic_altar
Orc:2:    grunt_orc_community_town_hall, layout_diamond_mine,
          grunt_orc_community_big_house_1, grunt_orc_community_big_house_1,
          grunt_orc_community_house_2, grunt_orc_community_house_1,
          grunt_orc_community_house_3, grunt_orc_community_house_3, basic_altar,
          uniq_donald

Skill      XL: |  1  2  3  4  5  6  7  8  9 10 11 12 |
---------------+-------------------------------------+-----
Ranged Weapons | 3 4 5 6 7 8 10 12 | 12.9
Stealth        | 3 4 6 |  6.8
Evocations     | 2 6 |  6.8
Fighting       | 3 6 7 |  7.1
Poison Magic   | 7 10 | 10.0
Spellcasting   | 3 4 5 |  5.0
Dodging        | 3 |  3.8
Invocations    | 3 |  3.9
Hexes          | |  3.6

Action                     |  1- 3 |  4- 6 |  7- 9 | 10-12 || total
---------------------------+-------+-------+-------+-------++-------
   Fire: Sling             |   130 |   202 |   614 |   571 ||  1517
         Arbalest          |       |       |       |   198 ||   198
         Hand crossbow     |       |       |       |    17 ||    17
  Throw: Throwing net      |       |       |       |     1 ||     1
   Cast: Slow              |     1 |       |     1 |       ||     2
         Olgreb's Toxic Ra |       |       |       |    64 ||    64
  Evoke: Wand              |       |       |    29 |    12 ||    41
    Use: Scroll            |       |     9 |     1 |     9 ||    19
         Potion            |       |     1 |       |       ||     1
 Armour: Robe              |     6 |    20 |    56 |    22 ||   104
         Steam dragon scal |       |       |       |    32 ||    32
  Dodge: Dodged            |    44 |    76 |   206 |   223 ||   549
